[Event "Late Titled Tuesday Blitz February 8 2022"]
[White "Bambino Filho, Antonio Carlos"]
[Black "Dias, Joao Batista"]
[WhiteFideId "2113163"]
[BlackFideId "2108240"]
[WhiteElo "2440"]
[BlackElo "1898"]
[Result "1-0"]
[Round "02"]
[TimeControl "180+1"]
[Date "2022.02.09"]
[WhiteClock "0:01:12"]
[BlackClock "0:00:44"]

1. d4 d5 2. c4 c6 3. Nf3 Nf6 4. Nc3 g6 5. Bf4 Bg7 6. e3 O-O 7. h3 Nbd7 8. Be2 Nb6 9. c5 Nbd7 10. O-O Re8 11. b4 Ne4 12. Nxe4 dxe4 13. Nd2 Nf6 14. Qc2 Nd5 15. Qxe4 Bf5 16. Qf3 Nxb4 17. Nc4 Bd3 18. Bxd3 Nxd3 19. Bh2 Nb4 20. Rab1 Nxa2 21. Rxb7 Nc3 22. Qxc6 Rc8 23. Qd7 Qxd7 24. Rxd7 Ne4 25. Rxa7 Red8 26. Rb1 Bf8 27. f3 Nc3 28. Rbb7 Nd5 29. Nb6 Rc6 30. Nxd5 Rxd5 31. Kf1 Kg7 32. Bg1 e5 33. e4 Rxd4 34. Bxd4 exd4 35. Rxf7+ Kg8 36. Rfc7 Rxc5 37. Rxc5 Bxc5 38. Rb7 d3 39. Rd7 Bf8 40. Rxd3 Kf7 41. Rd7+ Kg8 42. Rb7 1-0


[Site "https://www.chess.com"]

[Event "Late Titled Tuesday Blitz February 8 2022"]
[White "Beulen, Marcel"]
[Black "Beerdsen, Thomas"]
[WhiteFideId "1001450"]
[BlackFideId "1030108"]
[WhiteElo "2358"]
[BlackElo "2585"]
[Result "0-1"]
[Round "02"]
[TimeControl "180+1"]
[Date "2022.02.09"]
[WhiteClock "0:02:06"]
[BlackClock "0:02:24"]

1. e4 e5 2. Nf3 Nc6 3. Bc4 Nf6 4. d3 h6 5. c3 d6 6. Bb3 g5 7. Nbd2 Qe7 8. Qe2 Be6 9. Bxe6 Qxe6 10. Nc4 O-O-O 11. Bd2 g4 12. Nh4 d5 13. exd5 Nxd5 14. O-O-O Be7 15. g3 Bxh4 16. gxh4 f5 17. h3 h5 18. hxg4 hxg4 19. f3 Rdg8 20. fxg4 Rxg4 21. h5 e4 22. dxe4 Rxe4 23. Qf3 Rxc4 0-1


[Site "https://www.chess.com"]

[Event "Late Titled Tuesday Blitz February 8 2022"]
[White "Bilan, Danila"]
[Black "Santos, Rafael Ventura Dos"]
[WhiteFideId "24161918"]
[BlackFideId "2122227"]
[WhiteElo "2164"]
[BlackElo "2191"]
[Result "1-0"]
[Round "02"]
[TimeControl "180+1"]
[Date "2022.02.09"]
[WhiteClock "0:00:15"]
[BlackClock "0:00:09"]

1. d4 Nf6 2. Nf3 d6 3. g3 g6 4. Bg2 Bg7 5. O-O O-O 6. c4 c6 7. Nc3 Qc7 8. Qc2 Nbd7 9. Rd1 a6 10. e4 h6 11. h3 e5 12. dxe5 dxe5 13. Be3 Re8 14. c5 Nf8 15. Nd2 Be6 16. Na4 Rad8 17. Nc4 Bxc4 18. Qxc4 Ne6 19. b4 Nh5 20. Nb6 Rxd1+ 21. Rxd1 Rd8 22. Rxd8+ Qxd8 23. Bf3 Nf6 24. Qc1 Ne8 25. Nc4 Kh7 26. h4 h5 27. Bg2 Nd4 28. Kh2 Qe7 29. Qd1 Qe6 30. Qd3 f6 31. Bxd4 Qd7 32. Bh3 Qxd4 33. Qxd4 exd4 34. Bc8 f5 35. exf5 gxf5 36. Bxf5+ Kg8 37. Bc8 d3 38. Bxb7 Bc3 39. Bxc6 Nc7 40. a3 d2 41. Bf3 Nb5 42. Kg2 Nd4 43. Bxh5 Kf8 44. Bd1 Ke7 45. h5 Ke6 46. h6 Nc6 47. h7 Kd5 48. Nxd2 a5 49. Bf3+ 1-0


[Site "https://www.chess.com"]

[Event "Late Titled Tuesday Blitz February 8 2022"]
[White "Borisova, Ekaterina"]
[Black "Moore, Nicholas"]
[WhiteFideId "34124184"]
[BlackFideId "4303709"]
[WhiteElo "2034"]
[BlackElo "2277"]
[Result "0-1"]
[Round "02"]
[TimeControl "180+1"]
[Date "2022.02.09"]
[WhiteClock "0:00:01"]
[BlackClock "0:00:18"]

1. d4 d5 2. c4 c6 3. cxd5 cxd5 4. Bf4 Nc6 5. e3 Nf6 6. Nc3 a6 7. Rc1 Bg4 8. Nf3 Rc8 9. h3 Bxf3 10. Qxf3 e6 11. Bd3 Be7 12. O-O O-O 13. a3 h6 14. Na4 Bd6 15. Nc5 Bxf4 16. Qxf4 Qc7 17. Qxc7 Rxc7 18. b4 Rfc8 19. Rc2 e5 20. Bf5 Rb8 21. Rd1 exd4 22. exd4 g6 23. Bg4 h5 24. Bf3 Rbc8 25. Re2 Kg7 26. g4 hxg4 27. hxg4 g5 28. Kg2 Nd8 29. Re5 b6 30. Nxa6 Ra7 31. b5 Ne6 32. Kg3 Rc3 33. Re3 Rc4 34. Kg2 Nxd4 35. Red3 Ne6 36. Bxd5 Nf4+ 37. Kh2 N6xd5 38. Rxd5 Nxd5 39. Rxd5 Rxg4 40. f3 Rh4+ 41. Kg3 f6 42. a4 Rxa4 43. Rd6 Rb7 44. Rc6 Ra5 45. Nc7 Kg6 46. f4 gxf4+ 47. Kxf4 Ra4+ 48. Kf3 Kg5 49. Nd5 Ra3+ 50. Ke4 f5+ 51. Ke5 Rb3 52. Rc8 Rxb5 53. Rg8+ Kh6 54. Ke6 Kh7 55. Nf6+ Kh6 56. Nd5 Rxd5 57. Kxd5 b5 58. Rg2 b4 59. Ke5 b3 60. Rb2 Kg5 61. Rg2+ Kh4 62. Kf4 Rb4+ 63. Kf3 b2 64. Rg1 b1=Q 0-1


[Site "https://www.chess.com"]

[Event "Late Titled Tuesday Blitz February 8 2022"]
[White "Bortnyk, Olexandr"]
[Black "Stoleriu, George"]
[WhiteFideId "14120828"]
[BlackFideId "1227505"]
[WhiteElo "2723"]
[BlackElo "2203"]
[Result "1/2-1/2"]
[Round "02"]
[TimeControl "180+1"]
[Date "2022.02.08"]
[WhiteClock "0:00:09"]
[BlackClock "0:00:10"]

1. e4 e6 2. d4 d5 3. Nc3 Bb4 4. Qd3 Ne7 5. a3 Bxc3+ 6. bxc3 b6 7. Qg3 O-O 8. Bf4 Na6 9. Bd3 Ng6 10. Bg5 f6 11. Bd2 Bb7 12. exd5 Qxd5 13. Nf3 e5 14. Bxg6 hxg6 15. Qxg6 exd4 16. cxd4 Rae8+ 17. Be3 Qa5+ 18. Nd2 Qc3 19. O-O Rxe3 20. fxe3 Qxd2 21. Rae1 c5 22. Qg4 Re8 23. Re2 Qc3 24. Qd7 Rxe3 25. Ref2 Be4 26. Qc8+ Kh7 27. Qxa6 cxd4 28. Qxa7 Bxc2 29. Qxb6 Bd3 30. Qb4 Qxb4 31. axb4 Bxf1 32. Kxf1 Rb3 33. Ke2 Rxb4 34. Kd3 Kg6 35. Rf4 Kg5 36. Re4 Kf5 37. Re7 g5 38. Re2 Kg6 39. Rf2 Ra4 40. Re2 g4 41. Rf2 Kg5 42. g3 f5 43. Rb2 Kg6 44. Rb6+ Kg5 45. Rb2 Kg6 46. Rb6+ Kg5 47. Rb8 Ra2 48. Rh8 Ra4 49. Rg8+ Kf6 50. Rf8+ Ke5 51. Re8+ Kf6 52. Rg8 Ke5 53. Re8+ Kd5 54. Rd8+ Ke5 55. Re8+ 1/2-1/2


[Site "https://www.chess.com"]

[Event "Late Titled Tuesday Blitz February 8 2022"]
[White "Bugayev, Vladimir"]
[Black "Zhurbinsky, David"]
[WhiteFideId "30901480"]
[BlackFideId "2072904"]
[WhiteElo "2367"]
[BlackElo "2573"]
[Result "0-1"]
[Round "02"]
[TimeControl "180+1"]
[Date "2022.02.09"]
[WhiteClock "0:00:23"]
[BlackClock "0:00:06"]

1. e4 e5 2. Nf3 Nc6 3. d4 exd4 4. Nxd4 Bc5 5. Nb3 Bb6 6. Nc3 Nf6 7. Qe2 d6 8. Be3 Be6 9. O-O-O Qe7 10. f3 Bxe3+ 11. Qxe3 O-O 12. g4 a5 13. a3 Ne5 14. Nd4 Bc4 15. h4 Bxf1 16. Rdxf1 Nc4 17. Qd3 Ne5 18. Qe2 c6 19. h5 h6 20. g5 hxg5 21. Rfg1 Nh7 22. Nf5 Qf6 23. f4 gxf4 24. Rxg7+ Kh8 25. Rhg1 b5 26. Qg2 b4 27. Nd1 bxa3 28. bxa3 Nc4 29. c3 Rab8 30. h6 Nxa3 31. Ne7 Rb1+ 32. Kd2 Nc4+ 33. Kc2 Rb2+ 34. Nxb2 Ne3+ 35. Kd2 Nxg2 36. R1xg2 Qxe7 37. Nd3 Qxe4 38. Re2 Qf5 39. Rf2 Qf6 40. Rxf4 Qxh6 41. Rg4 Rg8 42. Kc2 Rxg4 43. Rxg4 Qh2+ 44. Kb3 Nf6 45. Rf4 Nd5 46. Rxf7 Qh3 47. Kc2 Ne3+ 48. Kb3 Qe6+ 49. c4 Qxc4+ 50. Kb2 Qxf7 51. Ka3 Qc4 52. Nf2 Qb4+ 53. Ka2 Nc4 54. Nd3 Qc3 55. Kb1 Qxd3+ 56. Ka2 Qa3+ 57. Kb1 Qb2# 0-1


[Site "https://www.chess.com"]

[Event "Late Titled Tuesday Blitz February 8 2022"]
[White "Buscar, Michael"]
[Black "Grigorov, Grigor"]
[WhiteFideId "2603616"]
[BlackFideId "2907313"]
[WhiteElo "2010"]
[BlackElo "2510"]
[Result "0-1"]
[Round "02"]
[TimeControl "180+1"]
[Date "2022.02.09"]
[WhiteClock "0:02:17"]
[BlackClock "0:02:30"]

1. c4 e5 2. Nf3 e4 3. Nd4 Nc6 4. Nc2 Nf6 5. g3 h5 6. h4 Bc5 7. Nc3 Qe7 8. d4 exd3 9. Qxd3 Ne5 10. Qf5 d5 11. Qf4 Nd3+ 0-1


[Site "https://www.chess.com"]

[Event "Late Titled Tuesday Blitz February 8 2022"]
[White "Caruana, Fabiano"]
[Black "Brunner, Nicolas"]
[WhiteFideId "2020009"]
[BlackFideId "620246"]
[WhiteElo "2744"]
[BlackElo "2372"]
[Result "1-0"]
[Round "02"]
[TimeControl "180+1"]
[Date "2022.02.09"]
[WhiteClock "0:00:07"]
[BlackClock "0:00:02"]

1. Nf3 c5 2. c3 Nf6 3. d4 cxd4 4. cxd4 d5 5. Nc3 Nc6 6. Bf4 Bf5 7. e3 e6 8. Rc1 Bd6 9. Bxd6 Qxd6 10. Bb5 O-O 11. O-O Rfc8 12. Na4 Na5 13. Ne5 a6 14. Be2 b5 15. Nc5 Nc4 16. Bxc4 bxc4 17. f4 h6 18. b3 cxb3 19. Qxb3 Ne4 20. Qb7 Qc7 21. Qxc7 Rxc7 22. g4 Bh7 23. f5 exf5 24. gxf5 Rac8 25. Ned3 Nd6 26. Nb4 Nxf5 27. Nxd5 Ra7 28. Nxa6 Re8 29. Nac7 Re4 30. Nb5 Ra8 31. Rf4 Rxf4 32. exf4 Bg6 33. a3 Ra5 34. Ndc7 Ne3 35. Re1 Nc4 36. Re8+ Kh7 37. Ra8 Rxa8 38. Nxa8 Bc2 39. Nac7 Kg6 40. d5 Kf6 41. d6 Ba4 42. Kf2 Bxb5 43. Nxb5 Ke6 44. Kf3 f5 45. Ke2 g5 46. fxg5 hxg5 47. Nd4+ Kxd6 48. Nxf5+ Ke6 49. Nd4+ Kd5 50. Nc2 Ke4 51. a4 Kf4 52. Kf2 Kg4 53. Kg2 Kh4 54. Nd4 g4 55. Nc6 Kg5 56. a5 Kf6 57. a6 Nb6 58. a7 Kg5 59. Kg3 Na8 60. Ne5 Kf5 61. Nxg4 Nb6 62. h4 1-0


[Site "https://www.chess.com"]

[Event "Late Titled Tuesday Blitz February 8 2022"]
[White "Christiansen, Johan-Sebastian"]
[Black "Andreikin, Dmitry"]
[WhiteFideId "1512668"]
[BlackFideId "4158814"]
[WhiteElo "2513"]
[BlackElo "2736"]
[Result "0-1"]
[Round "02"]
[TimeControl "180+1"]
[Date "2022.02.08"]
[WhiteClock "0:00:07"]
[BlackClock "0:00:11"]

1. e4 e6 2. d4 d5 3. Nc3 Bb4 4. Ne2 Ne7 5. a3 Ba5 6. b4 Bb6 7. e5 O-O 8. Na4 Bd7 9. Nc5 Bxc5 10. bxc5 Bb5 11. Ng3 Bxf1 12. Kxf1 Nbc6 13. h4 b6 14. cxb6 axb6 15. h5 Ra4 16. c3 Rc4 17. Bd2 f6 18. exf6 Rxf6 19. Qe2 Qd6 20. Kg1 e5 21. Ne4 dxe4 22. Qxc4+ Qd5 23. Qxd5+ Nxd5 24. c4 Nf4 25. dxe5 Nxe5 26. Rh4 Ne2+ 27. Kf1 Ng3+ 28. Kg1 Ne2+ 29. Kh1 Rxf2 30. Be3 Rf5 31. Re1 Ng3+ 32. Kh2 Nxh5 33. Bd4 Nf6 34. Bxe5 Rxe5 35. Rf4 Kf7 36. Kg1 Ke6 37. Rf2 Rc5 38. Rc2 h5 39. Kf2 h4 40. Rd1 g5 41. a4 Kf5 42. Rd8 Kg4 43. Rf8 Nd7 44. Re8 Ne5 45. Rc3 Kf4 46. Rf8+ Kg4 47. Re8 Kf5 48. Rf8+ Kg6 49. Ke3 Nd7 50. Rd8 Nf6 51. Kf2 Ra5 52. Rc8 Rf5+ 53. Ke2 Rc5 54. Kf2 Ng4+ 55. Ke2 Ne5 56. Re8 Kf7 57. Rc8 Nxc4 58. Rd8 Ke6 59. Rg8 Kd6 60. Re8 Kd5 61. Rd8+ Ke5 62. Re8+ Kd4 63. Rc1 g4 64. Rd1+ Kc3 65. Rxe4 h3 66. Rxg4 hxg2 67. Rxg2 Re5+ 68. Kf2 Ne3 69. Rg3 Kc2 70. Rd7 Nd1+ 71. Kg2 Rc5 72. Rgg7 c6 73. Ra7 Ne3+ 74. Kf3 Nc4 75. Rgc7 Kb3 76. Ke4 Kb4 77. Kd4 Rd5+ 78. Ke4 Nd6+ 79. Kf3 c5 80. Rc6 Nc4 81. Ra8 Rd3+ 82. Ke2 Re3+ 83. Kf2 Ra3 84. Ra6 Rxa4 85. Rxa4+ Kxa4 86. Ke1 Kb4 87. Rc8 b5 88. Kd1 Na3 89. Rh8 c4 90. Kc1 Kb3 91. Rh3+ c3 92. Rg3 b4 93. Rh3 Nb5 94. Rh2 Nd4 95. Kb1 Kc4 96. Rh4 b3 97. Rh3 Ne2 98. Rh4+ Kd3 99. Rh3+ Kd2 100. Rh1 c2+ 101. Kb2 c1=Q+ 102. Rxc1 Nxc1 103. Kb1 Nd3 104. Ka1 Kc3 105. Kb1 b2 106. Ka2 Kc2 107. Ka3 b1=Q 108. Ka4 Qb6 109. Ka3 Qb3# 0-1


[Site "https://www.chess.com"]

[Event "Late Titled Tuesday Blitz February 8 2022"]
[White "Chyngyz, Sultai"]
[Black "Baches Garcia, Guillermo"]
[WhiteFideId "13803158"]
[BlackFideId "2209764"]
[WhiteElo "1339"]
[BlackElo "2448"]
[Result "0-1"]
[Round "02"]
[TimeControl "180+1"]
[Date "2022.02.09"]
[WhiteClock "0:00:39"]
[BlackClock "0:00:41"]

1. e4 c5 2. Nf3 d6 3. d4 cxd4 4. Nxd4 Nf6 5. Nc3 Nc6 6. Be2 e5 7. Ndb5 a6 8. Na3 Be6 9. O-O b5 10. Nab1 Be7 11. Be3 O-O 12. f3 d5 13. exd5 Nxd5 14. Nxd5 Qxd5 15. Qxd5 Bxd5 16. Nc3 Be6 17. Rad1 Nd4 18. Bd3 Rac8 19. Bxd4 exd4 20. Ne4 Rfd8 21. b3 f5 22. Ng3 g6 23. Rfe1 Kf7 24. Ne2 Bg5 25. g3 Be3+ 26. Kg2 Bd5 27. Ng1 Kf6 28. Nh3 g5 29. Ng1 g4 30. Rf1 Re8 31. h3 h5 32. hxg4 hxg4 33. Be2 Bxg1 34. Kxg1 Rxe2 35. Rxd4 Rcxc2 36. Rfd1 Bxf3 37. Rd6+ Kg5 38. Re1 Rxe1# 0-1


[Site "https://www.chess.com"]

[Event "Late Titled Tuesday Blitz February 8 2022"]
[White "Coelho, Ramyres Santana"]
[Black "Ortiz Verdezoto, Anahi"]
[WhiteFideId "2120690"]
[BlackFideId "3614581"]
[WhiteElo "1888"]
[BlackElo "1785"]
[Result "0-1"]
[Round "02"]
[TimeControl "180+1"]
[Date "2022.02.09"]
[WhiteClock "0:00:40"]
[BlackClock "0:00:22"]

1. e4 e5 2. Nf3 Nc6 3. d4 exd4 4. Bc4 d6 5. Nxd4 Ne5 6. Be2 Nf6 7. Nc3 Be7 8. f4 Ng6 9. O-O O-O 10. Be3 c6 11. g4 Qc7 12. g5 Nd7 13. Qe1 f6 14. h4 fxg5 15. hxg5 d5 16. Ne6 Qd6 17. Nxf8 Ngxf8 18. exd5 cxd5 19. Rd1 Nb6 20. Nb5 Qc6 21. Nd4 Qg6 22. Bd3 Qd6 23. Qf2 Bg4 24. Rde1 Nc4 25. Bc1 Qb6 26. Nf5 Bc5 27. Ne3 Bh3 28. Bxc4 dxc4 29. c3 Bxf1 30. Qxf1 Re8 31. Qxc4+ Kh8 32. b4 Bxe3+ 33. Bxe3 Rxe3 34. Rxe3 Qxe3+ 35. Kg2 Qd2+ 36. Kg3 Qd7 37. b5 Ng6 38. a4 h5 39. gxh6 Qe7 40. Qc8+ Kh7 41. hxg7 Kxg7 42. f5 Qg5+ 43. Kf2 Qf4+ 44. Ke2 Qe4+ 45. Kd2 Nf4 46. Qd7+ Kf6 47. Qd6+ Kxf5 48. Qd7+ Kg5 49. Qd8+ Kg4 50. Qg8+ Kf3 51. Qf8 Qd3+ 52. Kc1 Qxc3+ 53. Kb1 Qb3+ 54. Kc1 Qxa4 55. Qf5 Qc4+ 56. Kb1 Qd3+ 57. Qxd3+ Nxd3 58. Kc2 Ke4 59. b6 axb6 60. Kb3 Ne5 61. Kb4 Nd7 62. Kb5 Kd5 63. Ka4 Kc6 64. Kb4 b5 65. Ka5 Nb6 66. Kb4 Nd5+ 67. Ka5 b4 68. Ka4 Kc5 69. Kb3 b6 70. Ka4 b5+ 71. Ka5 b3 0-1


[Site "https://www.chess.com"]

[Event "Late Titled Tuesday Blitz February 8 2022"]
[White "Cunha, Lucas Aguiar"]
[Black "Haussernot, Cecile"]
[WhiteFideId "2125404"]
[BlackFideId "601632"]
[WhiteElo "2361"]
[BlackElo "2288"]
[Result "1-0"]
[Round "02"]
[TimeControl "180+1"]
[Date "2022.02.09"]
[WhiteClock "0:01:18"]
[BlackClock "0:00:17"]

1. e4 c5 2. Nf3 d6 3. d4 cxd4 4. Qxd4 a6 5. c4 Nc6 6. Qd2 Nf6 7. Nc3 g6 8. b3 Bg7 9. Bb2 O-O 10. h3 Bd7 11. Be2 Qa5 12. Rb1 Rac8 13. a3 b5 14. b4 Qb6 15. c5 dxc5 16. e5 cxb4 17. exf6 bxc3 18. Bxc3 Rfd8 19. fxg7 Bf5 20. Qh6 g5 21. Rc1 Rd6 22. Qxg5 Bd3 23. Bxd3 Rxd3 24. O-O f6 25. Qf5 Rcd8 26. Qe6+ Kxg7 27. Bb4 Rxf3 28. gxf3 Rg8 29. Rxc6 Kh8+ 30. Qxg8+ 1-0


[Site "https://www.chess.com"]

[Event "Late Titled Tuesday Blitz February 8 2022"]
[White "Cupid, Kevin"]
[Black "Khater, Sherif"]
[WhiteFideId "7700512"]
[BlackFideId "2034280"]
[WhiteElo "2096"]
[BlackElo "2509"]
[Result "0-1"]
[Round "02"]
[TimeControl "180+1"]
[Date "2022.02.09"]
[WhiteClock "0:00:12"]
[BlackClock "0:00:20"]

1. d4 d5 2. c4 c6 3. Nc3 Nf6 4. Nf3 e6 5. Bg5 dxc4 6. a4 b5 7. axb5 Bb4 8. bxc6 Nxc6 9. e3 O-O 10. Bxc4 Rb8 11. O-O h6 12. Bh4 Bd6 13. Ra2 a5 14. Qe2 Nb4 15. Raa1 Bb7 16. Rfc1 Rc8 17. Nb5 Bb8 18. Ne5 g5 19. Bg3 Kg7 20. f3 Nfd5 21. Nd3 Ba7 22. Bf2 Bb6 23. Ne5 Nf6 24. b3 Nd7 25. Nd3 Qe7 26. e4 Rfd8 27. e5 Nxd3 28. Bxd3 Rxc1+ 29. Rxc1 Qb4 30. Bc4 Bd5 31. Nd6 Bxc4 32. bxc4 a4 33. c5 Ba7 34. c6 Bxd4 35. c7 Ra8 36. c8=Q Rxc8 37. Rxc8 Nxe5 38. Nc4 Qb1+ 39. Qf1 Bxf2+ 40. Kxf2 Nd3+ 41. Kg1 Qb3 42. Rd8 Nf4 43. Kh1 a3 44. Ra8 a2 45. g3 Nd5 46. h4 g4 47. fxg4 Qxg3 48. Qg2 Qxh4+ 49. Kg1 Qe1+ 50. Kh2 a1=Q 51. Rxa1 Qxa1 52. Qe4 Qb2+ 53. Kh3 Qc3+ 54. Kg2 Qxc4 55. Qe5+ f6 56. Qxe6 Nf4+ 0-1


[Site "https://www.chess.com"]

[Event "Late Titled Tuesday Blitz February 8 2022"]
[White "Curtis, John"]
[Black "Yuan, Qingyu"]
[WhiteFideId "3200256"]
[BlackFideId "8609772"]
[WhiteElo "2203"]
[BlackElo "2359"]
[Result "1/2-1/2"]
[Round "02"]
[TimeControl "180+1"]
[Date "2022.02.09"]
[WhiteClock "0:00:13"]
[BlackClock "0:00:06"]

1. e4 c6 2. d3 d5 3. Nf3 dxe4 4. dxe4 Qxd1+ 5. Kxd1 Nf6 6. Nfd2 g6 7. f3 Bh6 8. a4 O-O 9. Nc4 Rd8+ 10. Bd3 Bxc1 11. Kxc1 b6 12. Nc3 Be6 13. Ne3 Nbd7 14. b4 Ne5 15. Be2 g5 16. Rd1 h5 17. Rxd8+ Rxd8 18. b5 Rc8 19. a5 Nfd7 20. axb6 axb6 21. bxc6 Nxc6 22. Bb5 Nde5 23. Bxc6 Nxc6 24. Ncd5 Bxd5 25. Nxd5 b5 26. Ra6 Kf8 27. Rb6 e6 28. Ne3 Nd4 29. Kd2 Rc5 30. c3 Nc6 31. Nc2 Kg7 32. Nd4 Nxd4 33. cxd4 Rc4 34. Kd3 Rb4 35. d5 Rb2 36. d6 Rb1 37. Kc2 Rb4 38. d7 Rd4 39. Rxb5 Rxd7 40. Rxg5+ Kh6 41. Rc5 Kg6 42. g3 Kh6 43. Rc3 f6 44. Rd3 Ra7 45. Rb3 Ra2+ 46. Rb2 Ra3 47. f4 h4 48. gxh4 Rf3 49. Rb6 Rxf4 50. Rxe6 Kg7 51. e5 fxe5 52. Rxe5 Rf2+ 53. Kd3 Rxh2 54. Ke4 Rxh4+ 55. Kd5 Rh6 56. Re4 Rf6 57. Re5 Rf7 58. Re6 Rf6 59. Rd6 Rxd6+ 60. Kxd6 1/2-1/2


[Site "https://www.chess.com"]

[Event "Late Titled Tuesday Blitz February 8 2022"]
[White "Da Paz, Leonardo Gadelha"]
[Black "Ruiz Aguilar, Pablo Alexander"]
[WhiteFideId "2109743"]
[BlackFideId "4401352"]
[WhiteElo "2034"]
[BlackElo "2125"]
[Result "0-1"]
[Round "02"]
[TimeControl "180+1"]
[Date "2022.02.09"]
[WhiteClock "0:01:36"]
[BlackClock "0:02:25"]

1. e4 c5 2. Nc3 Nc6 3. g3 g6 4. Bg2 Bg7 5. d3 e6 6. Be3 Nd4 7. Qd2 Ne7 8. O-O-O h5 9. h4 Rb8 10. Nge2 b5 11. Bf4 d6 12. Nxd4 cxd4 13. Ne2 e5 14. Bg5 f6 15. f4 fxg5 16. fxe5 dxe5 17. Qxg5 Bg4 18. Rde1 O-O 19. Bh3 Bxh3 20. Rxh3 Kh7 21. g4 Bh6 0-1


[Site "https://www.chess.com"]

[Event "Late Titled Tuesday Blitz February 8 2022"]
[White "Daggupati, Balaji"]
[Black "Quirke, Jeffrey"]
[WhiteFideId "2090759"]
[BlackFideId "2013029"]
[WhiteElo "2722"]
[BlackElo "2252"]
[Result "1-0"]
[Round "02"]
[TimeControl "180+1"]
[Date "2022.02.09"]
[WhiteClock "0:01:05"]
[BlackClock "0:00:16"]

1. e4 c6 2. d4 d5 3. Nc3 dxe4 4. Nxe4 Bf5 5. Ng3 Bg6 6. h4 h6 7. Nf3 e6 8. Ne5 Bh7 9. Bd3 Bxd3 10. Qxd3 Nd7 11. f4 Be7 12. Bd2 Nxe5 13. fxe5 Bxh4 14. O-O-O Bxg3 15. Qxg3 Ne7 16. Qxg7 Rg8 17. Qh7 Qd5 18. Kb1 O-O-O 19. Qxf7 Nf5 20. Bb4 Rxg2 21. Bc5 b6 22. Bb4 Rd7 23. Qe8+ Kb7 24. Bd6 Nxd6 25. Qxd7+ Ka6 26. Qxd6 1-0


[Site "https://www.chess.com"]

[Event "Late Titled Tuesday Blitz February 8 2022"]
[White "Debray, Christopher"]
[Black "Papasimakopoulos, Alexandros"]
[WhiteFideId "630810"]
[BlackFideId "4244125"]
[WhiteElo "2369"]
[BlackElo "2340"]
[Result "0-1"]
[Round "02"]
[TimeControl "180+1"]
[Date "2022.02.09"]
[WhiteClock "0:00:35"]
[BlackClock "0:00:55"]

1. e4 e6 2. d4 d5 3. Nc3 Bb4 4. Ne2 Nc6 5. a3 Ba5 6. b4 Bb6 7. Bb2 Nge7 8. g3 e5 9. dxe5 Nxe5 10. Bg2 Nc4 11. Bc1 Bg4 12. O-O dxe4 13. Bxe4 c6 14. Bg2 O-O 15. h3 Bh5 16. g4 Bg6 17. Nf4 Bd4 18. Nxg6 Nxg6 19. Bd2 Nh4 20. Ra2 Nxg2 21. Kxg2 Nxd2 22. Qxd2 Bxc3 23. Qxc3 Qd5+ 0-1


[Site "https://www.chess.com"]

[Event "Late Titled Tuesday Blitz February 8 2022"]
[White "Degardin, Sylvain"]
[Black "Chabris, Christopher"]
[WhiteFideId "20623070"]
[BlackFideId "2005263"]
[WhiteElo "2156"]
[BlackElo "2301"]
[Result "0-1"]
[Round "02"]
[TimeControl "180+1"]
[Date "2022.02.09"]
[WhiteClock "0:00:06"]
[BlackClock "0:00:07"]

1. e4 c5 2. Nf3 d6 3. d4 cxd4 4. Nxd4 Nf6 5. Nc3 a6 6. h3 e5 7. Nde2 h5 8. Ng1 Nc6 9. Nf3 Be7 10. Bc4 b5 11. Bb3 Na5 12. Ng5 Nxb3 13. axb3 Bb7 14. O-O Rc8 15. b4 Rc4 16. Be3 Qc8 17. Qd3 O-O 18. b3 Rxb4 19. f3 Nd7 20. Na2 Nc5 21. Bxc5 Qxc5+ 22. Kh1 Bxg5 23. Nxb4 Qxb4 24. Rad1 Be7 25. Qe2 g6 26. Rde1 Rc8 27. f4 exf4 28. Rxf4 Bg5 29. Rf3 Rxc2 30. Qf1 f6 31. h4 Bxh4 32. Rd1 Rd2 33. Rc1 Qxe4 34. Rc7 Rxg2 35. Rxb7 Re2 36. Rb8+ Kh7 37. Rc8 Re1 38. Rc7+ Kh6 39. Rc1 Qxf3+ 40. Kg1 Qg3+ 41. Kh1 Rxf1+ 42. Rxf1 Qh3+ 43. Kg1 Bg5 0-1


[Site "https://www.chess.com"]

[Event "Late Titled Tuesday Blitz February 8 2022"]
[White "Derraugh, Geordie"]
[Black "Guz, Ari"]
[WhiteFideId "2603950"]
[BlackFideId "2825759"]
[WhiteElo "2116"]
[BlackElo "1913"]
[Result "0-1"]
[Round "02"]
[TimeControl "180+1"]
[Date "2022.02.09"]
[WhiteClock "0:00:04"]
[BlackClock "0:00:18"]

1. e4 g6 2. d4 c6 3. c4 d5 4. exd5 cxd5 5. Nc3 Nf6 6. Nf3 Bg7 7. h3 O-O 8. Be2 dxc4 9. Bxc4 a6 10. O-O b5 11. Be2 Bb7 12. Bf4 Nc6 13. Rc1 Nb4 14. Ne5 Nbd5 15. Bg3 Rc8 16. Re1 e6 17. Bf3 Nxc3 18. bxc3 Bxf3 19. Qxf3 Qa5 20. Nc6 Qxa2 21. Ne7+ Kh8 22. Nxc8 Rxc8 23. Be5 Nd7 24. Qxf7 Nxe5 25. Rxe5 Rf8 26. Qxe6 Qxf2+ 27. Kh1 Bxe5 28. Qxe5+ Qf6 29. Qxf6+ Rxf6 30. c4 Rd6 31. cxb5 axb5 32. Rb1 Rb6 33. Rb4 Kg7 34. Kg1 Kf7 35. Kf2 Ke6 36. Ke3 Kd5 37. Kd3 Kc6 38. Rb2 Ra6 39. Rf2 Kd5 40. Rf7 Ra3+ 41. Ke2 Ra2+ 42. Kf3 Kxd4 43. Rxh7 b4 44. Rb7 Kc5 45. g4 Ra3+ 46. Kg2 Ra6 47. h4 Rb6 48. Rf7 b3 49. Rf1 b2 50. Rb1 Kd4 51. Kf3 Ke5 52. h5 g5 53. Ke3 Rb4 54. h6 Rb7 55. Kd3 Kf4 56. Kc3 Kxg4 57. Rxb2 Rh7 58. Rh2 Kf3 59. Rh1 g4 60. Kd2 g3 61. Rh5 g2 62. Rf5+ Kg4 63. Rf8 Rxh6 64. Rg8+ Kf3 65. Kd3 Rd6+ 66. Kc4 Kf2 67. Rf8+ Kg1 68. Rg8 Rf6 69. Kd3 Kf1 0-1


[Site "https://www.chess.com"]

[Event "Late Titled Tuesday Blitz February 8 2022"]
[White "Devagharan, Devina"]
[Black "Poormosavi, Seyed Kian"]
[WhiteFideId "2061600"]
[BlackFideId "12585807"]
[WhiteElo "2224"]
[BlackElo "2116"]
[Result "0-1"]
[Round "02"]
[TimeControl "180+1"]
[Date "2022.02.09"]
[WhiteClock "0:00:10"]
[BlackClock "0:00:16"]

1. d4 Nf6 2. c4 b6 3. Nc3 Bb7 4. Qc2 d5 5. cxd5 Nxd5 6. e4 Nxc3 7. bxc3 e5 8. Nf3 exd4 9. cxd4 Bb4+ 10. Bd2 Bxd2+ 11. Kxd2 O-O 12. Bd3 Nd7 13. Rhe1 Re8 14. Ke2 c5 15. Kf1 cxd4 16. Rad1 Nc5 17. Nd2 Rc8 18. Qb1 Na4 19. Rc1 Nc3 20. Qb3 Qd6 21. Kg1 Qf4 22. Qb2 Rc7 23. Nb3 Qe5 24. Qd2 Rec8 25. f4 Qd6 26. e5 Qd5 27. Bf5 Rd8 28. Bg4 Qb5 29. e6 fxe6 30. Bxe6+ Kh8 31. f5 a5 32. Qf4 Re7 33. Nxd4 Qc5 34. Rcd1 Bd5 35. Qf2 Bxe6 36. Nxe6 Qxf2+ 37. Kxf2 Rxd1 38. Re3 Nd5 39. Rf3 h6 40. h3 Nf6 41. Kg3 Rd6 42. Kh2 Rexe6 43. fxe6 Rxe6 44. Rc3 Kh7 45. Rc8 b5 46. Rb8 Re5 47. Ra8 a4 48. Rb8 Re2 49. Kg3 Rxa2 50. Rxb5 a3 51. Ra5 Ne4+ 52. Kh2 Nc3 53. h4 Ra1 54. Ra8 a2 55. g3 Rc1 0-1


[Site "https://www.chess.com"]

[Event "Late Titled Tuesday Blitz February 8 2022"]
[White "Djordjevic, Dejan N"]
[Black "Novikov, Evgenij"]
[WhiteFideId "913316"]
[BlackFideId "4125380"]
[WhiteElo "2262"]
[BlackElo "2242"]
[Result "0-1"]
[Round "02"]
[TimeControl "180+1"]
[Date "2022.02.09"]
[WhiteClock "0:00:01"]
[BlackClock "0:00:09"]

1. e4 e5 2. Nf3 Nf6 3. Nxe5 Nc6 4. Nxc6 dxc6 5. d3 Bc5 6. Be2 h5 7. c3 Ng4 8. d4 Bd6 9. e5 Be7 10. h3 Nh6 11. Nd2 h4 12. Nf3 Be6 13. b3 a5 14. Be3 Nf5 15. Qd2 a4 16. b4 f6 17. exf6 Bxf6 18. Bg5 Qd5 19. Bxf6 gxf6 20. Qf4 O-O-O 21. O-O Rhg8 22. Kh2 Rg7 23. Rg1 Rdg8 24. c4 Qd7 25. a3 Bf7 26. Rad1 Bh5 27. d5 Nd6 28. c5 Ne8 29. dxc6 Qxc6 30. Qf5+ Kb8 31. Qxh5 Qe4 32. Ne1 Rg5 33. Qf3 Qe5+ 34. Kh1 Ng7 35. Qe3 Qf5 36. Bg4 Qg6 37. c6 b6 38. Qd3 Qxd3 39. Rxd3 f5 40. Bf3 Ne6 41. Nc2 Nf4 42. Re3 Nxh3 43. Rd1 Nxf2+ 44. Kh2 Nxd1 45. Bxd1 Rxg2+ 46. Kh3 Rg1 47. Be2 R8g3+ 48. Kxh4 Rxe3 49. Nxe3 Re1 50. Nxf5 Rxe2 51. Nd4 Re4+ 0-1


[Site "https://www.chess.com"]